Map: Thee Big Game Hunters - remake-

Players

Player 8

  • Race: Zerg Zerg
  • Spawn Location: 3:00

Player 7

  • Race: Zerg Zerg
  • Spawn Location: 7:00

Player 6

  • Race: Zerg Zerg
  • Spawn Location: 6:00

Player 5

  • Race: Protoss Protoss
  • Spawn Location: 1:00

Throwfordays - Winner!

  • Race: Terran Terran
  • League: Silver
  • Spawn Location: 12:00

Farkwad - Winner!

  • Race: Zerg Zerg
  • Spawn Location: 5:00

Raynar - Winner!

  • Race: Protoss Protoss
  • Spawn Location: 11:00

TNF - Winner!

  • Race: Protoss Protoss
  • Spawn Location: 9:00

VOD

Have the link to the VOD?

Description

Time

  • Played on: Oct. 17, 2019, 10:51 p.m.
  • Length: 16:41
Show
View Real Time Build Order
Export as new Build Order

Player 8 Zerg 

Build Orders: 1 Base Baneling Bust, Pool First, Lurkers 

Get SALT Encoding   

  12  0:01  Drone  
  12  0:06  Overlord  
  13  0:08  Drone  
  14  0:19  Spawning Pool, Drone  
  14  0:24  Drone, Unknown  
  14  0:33  Drone  
  15  0:44  Drone  
  16  0:54  Overlord  
  16  1:05  Drone  
  16  1:09  Queen, Roach Warren  
  18  1:16  Zergling x2  
  19  1:19  Evolution Chamber  
  18  1:27  Drone  
  19  1:37  Zergling x2  
  20  1:48  Drone  
  21  1:59  Lair, Overlord  
  21  2:10  Drone  
  22  2:17  Baneling Nest, Overlord  
  22  2:18  Drone x2  
  23  2:30  Drone  
  24  2:59  Drone, Hydralisk Den  
  24  3:28  Hydralisk  
  24  3:31  Lurker Den, Drone  
  26  3:39  Hydralisk  
  28  3:50  Hydralisk  
  30  4:02  Hydralisk  
  32  4:13  Hydralisk  
  34  4:25  Hydralisk  
  36  4:59  Overlord, Lurker x2, Hydralisk  
  40  5:10  Hydralisk  
  42  5:48  Roach  
  42  5:49  Zerg Melee Weapons Level 1, Unknown, Queen, Overlord  
  43  5:50  Unknown  
  43  5:51  Overseer  
  43  5:52  Overseer, Drone  
  43  5:54  Spore Crawler  
  43  5:55  Drone  
  45  5:58  Spore Crawler, Roach  
  45  5:59  Drone  
  45  6:02  Infestation Pit  
  45  6:03  Drone  
  47  6:05  Drone, Spire  
  47  6:08  Evolution Chamber  
  47  6:09  Drone  
  47  6:10  Hatchery  
  46  6:11  Drone  
  46  6:12  Drone  
  46  6:13  Drone  
  46  6:16  Ravager  
  46  6:21  Drone  
  42  6:27  Spine Crawler  
  42  6:30  Drone, Roach  
  42  6:32  Burrow, Drone  
  41  6:33  Spine Crawler  
  41  6:34  Zerg Missile Weapons Level 1  
  41  6:39  Hydralisk  
  35  6:50  Zergling x2  
  35  6:54  Drone  
  37  6:59  Drone, Hydralisk  
  37  7:00  Drone  
  41  7:10  Hydralisk  
  43  7:20  Hydralisk  
  45  7:30  Hydralisk  
  47  7:40  Hydralisk  
  47  7:43  Zerg Ground Armor Level 1  
  49  7:50  Hydralisk  
  49  7:51  Overlord, Lurker x2  
  53  8:01  Hydralisk  
  55  8:11  Hydralisk  
  55  8:12  Lurker  
  58  8:45  Overseer, Overlord  
  58  8:56  Zergling x2  
  52  9:06  Roach  
  48  9:16  Hydralisk  
  44  9:26  Hydralisk  
  46  9:37  Roach  
  48  9:46  Hydralisk  
  50  9:56  Hydralisk  
  52  10:08  Zergling x2  
  52  10:13  Pneumatized Carapace  
  47  10:15  Hydralisk  
  47  10:16  Overlord  
  47  10:20  Overseer  
  43  10:22  Mutalisk  
  43  10:24  Zerg Flyer Weapons Level 1  
  42  10:29  Mutalisk  
  42  10:35  Overlord  
  44  10:37  Corruptor  
  44  10:38  Roach  
  46  10:44  Mutalisk  
  46  10:47  Roach  
  46  10:51  Mutalisk, Hydralisk  
  46  10:54  Roach  
  46  10:56  Hive  
  45  10:58  Mutalisk  
  47  11:06  Corruptor  
  45  11:13  Mutalisk  
  41  11:20  Mutalisk  
  43  11:28  Mutalisk  
  45  11:35  Mutalisk  
  47  11:42  Mutalisk  
  49  11:49  Corruptor  
  51  11:56  Corruptor  
  53  12:04  Mutalisk  
  53  12:07  Viper  
  53  12:08  Viper  
  58  12:13  Mutalisk  
  58  12:14  Hatchery  
  58  12:15  Drone  
  63  12:17  Ultralisk Cavern  
  63  12:18  Drone, Zerg Flyer Armor Level 1  
  63  13:16  Mutalisk  
  59  13:23  Mutalisk  
  59  13:31  Mutalisk  
  61  13:38  Corruptor  
  63  14:06  Mutalisk  
  65  14:10  Mutalisk  
  65  14:14  Mutalisk  
  69  14:17  Mutalisk  
  69  14:21  Mutalisk  
  73  14:25  Mutalisk  
  73  14:28  Corruptor  
  77  14:39  Mutalisk  
  77  14:43  Mutalisk  
  77  14:44  Viper  
  77  14:45  Viper  
  66  14:47  Mutalisk  
  66  14:48  Overseer, Overlord x2  
  66  14:51  Mutalisk  
  63  14:55  Mutalisk  
  63  14:59  Mutalisk  
  55  15:02  Mutalisk  
  55  15:06  Mutalisk  
  57  15:09  Mutalisk  
  57  15:13  Mutalisk  
  61  15:17  Mutalisk  
  61  15:20  Mutalisk  
  65  15:23  Hydralisk x2  
  65  15:24  Zergling x2, Queen, Drone x4  
  65  15:25  Queen  
  56  15:33  Viper, Zergling x2, Roach  
  56  15:34  Zergling x4  
  21  15:45  Zergling x2, Drone  
  21  15:47  Overseer  
  21  15:48  Overseer  
Show
View Real Time Build Order
Export as new Build Order

Player 7 Zerg 

Build Orders: 1 Base Baneling Bust, Pool First 

Get SALT Encoding   

  12  0:01  Drone  
  13  0:07  Overlord  
  13  0:08  Drone  
  14  0:20  Spawning Pool, Drone  
  14  0:25  Drone  
  14  0:26  Unknown  
  14  0:33  Drone  
  15  0:44  Drone  
  16  0:54  Drone  
  17  1:05  Overlord  
  17  1:09  Queen  
  19  1:11  Roach Warren  
  19  1:16  Zergling x2  
  19  1:27  Drone  
  20  1:38  Zergling x2  
  21  1:41  Evolution Chamber  
  20  1:48  Drone  
  21  1:59  Drone  
  22  2:02  Baneling Nest  
  21  2:09  Drone  
  21  2:14  Lair  
  21  2:15  Overlord, Roach  
  24  2:24  Roach  
  26  2:32  Roach  
  26  2:33  Drone  
  29  2:42  Roach  
  31  2:47  Drone, Overlord  
  34  2:51  Roach  
  34  3:05  Overlord  
  34  3:06  Roach  
  36  3:15  Drone, Hydralisk Den  
  36  3:19  Roach  
  38  3:24  Overlord  
  38  3:28  Roach  
  40  3:43  Hydralisk  
  42  3:52  Hydralisk  
  44  4:00  Hydralisk  
  46  4:09  Hydralisk  
  48  5:57  Zerg Melee Weapons Level 1, Hydralisk  
  48  5:58  Burrow, Unknown  
  48  6:00  Overlord  
  48  6:02  Spore Crawler  
  48  6:03  Drone  
  49  6:04  Overseer  
  49  6:06  Spore Crawler, Hydralisk  
  49  6:07  Drone, Hatchery  
  49  6:08  Overseer  
  49  6:09  Drone  
  49  6:10  Infestation Pit  
  49  6:11  Drone, Unknown  
  51  6:12  Drone  
  51  6:15  Spire  
  51  6:16  Drone  
  51  6:19  Evolution Chamber  
  51  6:20  Drone  
  51  6:21  Drone  
  51  6:22  Drone  
  51  6:23  Drone  
  54  6:34  Drone  
  54  6:35  Drone x3, Spine Crawler  
  57  6:40  Spine Crawler  
  57  6:42  Drone  
  56  6:51  Zergling x2, Zerg Ground Armor Level 1  
  54  6:59  Hydralisk  
  46  7:07  Hydralisk  
  48  7:09  Queen  
  50  7:21  Drone x2  
  50  7:22  Queen, Drone x2  
  56  7:27  Ravager x2  
  56  7:28  Ravager  
  59  7:30  Drone  
  59  7:31  Extractor  
  59  7:32  Drone  
  59  7:33  Spore Crawler, Roach  
  59  7:34  Drone  
  59  7:35  Drone  
  63  7:38  Spore Crawler  
  63  7:40  Drone  
  63  7:43  Drone  
  64  7:51  Zerg Missile Weapons Level 1, Overlord  
  64  7:54  Drone  
  65  8:02  Drone  
  65  8:05  Spine Crawler, Roach  
  68  8:06  Drone x2  
  68  8:07  Drone  
  68  8:09  Spine Crawler  
  69  8:13  Drone  
  69  8:17  Drone  
  71  8:23  Drone  
  72  8:28  Overlord, Roach  
  72  8:29  Drone  
  72  8:30  Drone  
  76  8:35  Drone x3  
  76  8:36  Drone  
  80  9:09  Hydralisk  
  79  9:25  Zergling x2  
  74  9:33  Hydralisk  
  70  9:42  Hydralisk  
  72  9:50  Hydralisk  
  74  10:00  Roach  
  74  10:06  Overlord, Roach  
  74  10:07  Pneumatized Carapace  
  78  10:09  Hydralisk  
  78  10:10  Overseer  
  78  10:13  Roach  
  82  10:14  Zerg Melee Weapons Level 2  
  82  10:15  Zerg Ground Armor Level 2  
  82  10:17  Roach  
  82  10:18  Glial Reconstitution  
  82  10:20  Zerg Flyer Weapons Level 1  
  82  10:21  Infestor  
  84  10:22  Pathogen Glands  
  84  10:25  Overlord, Roach  
  83  10:29  Roach  
  83  10:33  Roach  
  74  10:36  Roach  
  74  10:40  Zergling x2  
  77  10:44  Roach  
  77  10:48  Roach  
  81  10:50  Hive  
  81  10:52  Roach  
  81  10:56  Roach  
  83  10:59  Hydralisk  
  83  11:02  Hydralisk  
  87  11:06  Hydralisk  
  87  11:10  Infestor  
  91  11:13  Hydralisk  
  93  11:36  Roach  
  90  11:47  Zergling x2  
  90  11:51  Roach  
  81  11:55  Overlord, Roach  
  81  11:56  Overseer  
  81  11:58  Roach  
  69  12:02  Roach  
  69  12:05  Ultralisk Cavern  
  69  12:06  Drone, Roach  
  71  12:10  Roach  
  71  12:14  Roach  
  71  12:15  Zerg Flyer Armor Level 1  
  75  12:17  Roach  
  75  12:21  Roach  
  79  12:25  Roach  
  79  12:28  Hydralisk  
  83  12:30  Zerg Missile Weapons Level 2  
  83  12:33  Roach  
  83  12:36  Roach  
  87  12:39  Hydralisk  
  87  12:43  Hydralisk  
  80  12:47  Infestor  
  80  12:48  Overlord  
  80  12:49  Overseer  
  80  12:51  Zergling x2  
  67  13:05  Hydralisk  
  67  13:06  Overlord  
  67  13:08  Overseer  
  67  13:09  Hydralisk  
  71  13:13  Roach  
  71  13:17  Roach  
  75  13:25  Overlord, Roach  
  75  13:26  Tunneling Claws  
  77  13:27  Hydralisk  
  77  13:30  Roach  
  77  13:33  Roach  
  83  13:44  Hydralisk  
  83  13:45  Overlord, Hydralisk  
  85  13:48  Lurker Den  
  85  13:49  Roach x2  
  85  13:52  Roach  
  86  13:58  Overseer  
  86  14:01  Overlord  
  79  14:03  Overseer  
  79  14:06  Zergling x2  
  79  14:08  Zerg Flyer Weapons Level 2  
  62  14:10  Overlord  
  62  14:13  Infestor  
  52  14:17  Roach  
  52  14:19  Roach  
  52  14:21  Hydralisk  
  54  14:26  Roach  
  54  14:28  Roach  
  54  14:29  Zergling x2, Overlord  
  54  14:31  Queen, Hydralisk  
  54  14:32  Infestor  
  54  14:34  Drone  
  48  14:41  Drone  
  47  14:47  Hydralisk  
  47  14:48  Overseer  
  47  14:49  Overlord, Roach  
  47  14:50  Drone  
  47  14:51  Roach  
  47  14:52  Drone x2, Roach  
  46  14:53  Evolution Chamber  
  46  14:54  Roach  
  46  14:55  Drone  
  46  14:57  Roach  
  46  14:59  Drone x3  
  49  15:00  Roach  
  49  15:02  Hydralisk x2  
  49  15:05  Roach  
  50  15:13  Zergling x2  
  49  15:15  Hatchery  
  44  15:22  Overlord  
  42  15:30  Hatchery  
  42  15:33  Drone  
  42  15:35  Overseer  
  38  15:39  Hydralisk  
  38  15:40  Drone, Overlord  
  33  15:43  Extractor  
  33  15:47  Roach  
  31  15:58  Infestor  
  32  16:06  Hydralisk  
  24  16:13  Overlord, Roach  
  24  16:16  Roach  
  25  16:19  Roach  
  25  16:21  Overlord  
  13  16:37  Ravager  
Show
View Real Time Build Order
Export as new Build Order

Player 6 Zerg 

Build Orders: Pool First 

Get SALT Encoding   

  12  0:01  Drone  
  12  0:06  Overlord  
  13  0:08  Drone  
  14  0:22  Spawning Pool, Drone  
  14  0:25  Drone  
  14  0:27  Unknown  
  14  0:33  Drone  
  15  0:44  Drone  
  16  0:54  Drone  
  17  1:05  Hatchery, Drone  
  17  1:08  Queen  
  19  1:14  Roach Warren  
  19  1:16  Drone  
  19  1:26  Drone  
  20  1:37  Drone  
  21  1:48  Lair, Overlord  
  21  1:59  Zergling x2  
  22  2:09  Drone  
  22  2:15  Drone x2, Overlord  
  25  2:16  Zergling x2  
  25  2:17  Queen  
  25  2:21  Zergling x2  
  29  2:27  Overlord  
  29  2:32  Drone  
  30  2:38  Roach  
  30  2:42  Roach  
  34  2:46  Drone  
  34  2:47  Drone x2  
  34  2:49  Roach  
  39  2:51  Hatchery  
  39  2:54  Overlord, Hydralisk Den  
  37  2:59  Zergling x2  
  37  3:05  Roach  
  40  3:10  Overlord  
  40  3:16  Zergling x2  
  40  3:19  Drone x3  
  44  3:21  Drone  
  44  3:23  Drone, Roach x2  
  51  3:27  Drone  
  51  3:32  Roach  
  53  3:38  Zergling x2  
  53  3:43  Zergling x2  
  53  3:48  Overlord  
  54  3:50  Overlord x3  
  54  3:54  Drone  
  54  3:55  Drone x2  
  56  3:56  Drone  
  56  3:59  Hydralisk  
  56  4:02  Hydralisk  
  60  4:03  Queen  
  60  4:05  Hydralisk  
  60  4:09  Hatchery  
  65  4:10  Drone  
  65  4:13  Hydralisk  
  65  4:15  Hydralisk  
  70  4:21  Hydralisk  
  70  4:22  Hydralisk x3  
  70  4:23  Hydralisk  
  78  4:27  Drone x2, Roach  
  78  4:28  Roach  
  86  4:33  Roach  
  86  4:34  Hydralisk  
  86  4:38  Hydralisk  
  90  4:44  Roach  
  90  4:45  Hydralisk  
  94  4:49  Drone  
  97  4:54  Overlord, Hydralisk  
  97  4:55  Drone, Roach  
  97  4:56  Drone  
  97  4:59  Drone  
  104  5:05  Metabolic Boost, Unknown  
  103  5:07  Extractor  
  103  5:09  Roach, Infestation Pit  
  103  5:11  Evolution Chamber  
  103  5:12  Zergling x2  
  103  5:13  Roach, Overlord, Unknown  
  101  5:14  Zergling x2  
  101  5:15  Overseer  
  101  5:17  Zergling x2  
  101  5:18  Zergling x2  
  101  5:19  Evolution Chamber  
  96  5:21  Drone  
  96  5:22  Spine Crawler  
  96  5:23  Zergling x2  
  96  5:24  Zergling x2  
  96  5:25  Drone  
  96  5:26  Ravager, Roach  
  96  5:27  Queen, Spine Crawler  
  97  5:28  Drone  
  97  5:30  Drone  
  97  5:31  Evolution Chamber  
  97  5:32  Drone  
  97  5:33  Drone, Roach  
  97  5:34  Roach  
  100  5:38  Lurker Den, Zerg Ground Armor Level 1  
  100  5:39  Drone  
  100  5:41  Drone  
  100  5:42  Roach  
  101  5:44  Drone  
  103  5:50  Drone, Roach  
  103  5:51  Drone  
  103  5:52  Infestor  
  103  5:53  Drone, Overlord  
  103  5:54  Drone  
  110  5:59  Drone  
  110  6:00  Ravager  
  110  6:01  Roach  
  110  6:03  Infestor  
  116  6:04  Roach  
  116  6:05  Roach  
  116  6:06  Roach  
  116  6:07  Roach  
  116  6:08  Zerg Missile Weapons Level 1  
  116  6:09  Zerg Melee Weapons Level 1  
  124  6:13  Spore Crawler, Overlord, Roach  
  124  6:15  Drone  
  124  6:16  Roach  
  128  6:18  Spore Crawler  
  128  6:20  Roach  
  128  6:21  Drone  
  128  6:22  Roach  
  132  6:29  Spine Crawler  
  132  6:30  Zergling x2, Spire  
  132  6:31  Drone  
  132  6:33  Drone  
  132  6:34  Infestor, Overlord  
  132  6:36  Ravager, Roach  
  132  6:37  Infestor  
  140  6:40  Hive  
  140  6:53  Zergling x2  
  140  6:54  Overlord  
  141  6:55  Zergling x4  
  141  7:00  Spine Crawler  
  138  7:01  Roach  
  138  7:02  Drone  
  138  7:03  Roach  
  138  7:04  Roach x2  
  138  7:05  Roach  
  138  7:06  Spine Crawler, Roach  
  138  7:07  Roach  
  139  7:09  Drone  
  139  7:10  Roach  
  139  7:12  Roach  
  139  7:13  Spore Crawler, Overlord, Roach  
  139  7:14  Infestor  
  137  7:17  Drone, Infestor  
  137  7:19  Overseer  
  137  7:20  Overseer  
  137  7:21  Spore Crawler  
  137  7:22  Drone  
  140  7:24  Zergling x2, Ravager  
  140  7:25  Roach  
  140  7:28  Zergling x2  
  138  7:30  Zergling x2, Infestor  
  138  7:33  Zergling x2, Baneling Nest  
  138  7:35  Drone  
  134  7:37  Ravager  
  134  7:38  Roach x2  
  134  7:39  Infestor, Roach  
  134  7:40  Overlord  
  134  7:43  Zergling x2  
  143  7:46  Ravager, Mutalisk  
  143  7:48  Mutalisk, Roach  
  143  7:49  Spine Crawler, Mutalisk  
  143  7:50  Mutalisk  
  154  7:51  Drone, Mutalisk  
  154  7:57  Viper  
  159  7:59  Mutalisk  
  159  8:00  Overlord  
  159  8:02  Viper  
  159  8:04  Ravager  
  165  8:06  Zerg Ground Armor Level 2  
  165  8:08  Infestor  
  165  8:09  Infestor  
  169  8:13  Infestor  
  169  8:17  Zergling x2  
  169  8:19  Infestor  
  170  8:20  Overlord  
  170  8:21  Zergling x2  
  170  8:22  Baneling  
  170  8:23  Corruptor  
  172  8:29  Zergling x2  
  172  8:31  Zergling x2  
  172  8:32  Hydralisk  
  172  8:33  Zergling x2  
  165  8:34  Zergling x2  
  165  8:35  Zergling x2  
  165  8:37  Zergling x2  
  165  8:38  Zergling x2, Spine Crawler  
  165  8:41  Baneling, Hydralisk  
  151  8:43  Drone  
  151  8:44  Roach  
  151  8:45  Roach  
  151  8:46  Roach  
  151  8:47  Zergling x2  
  151  8:48  Roach, Hydralisk  
  140  8:50  Roach  
  140  8:51  Roach  
  140  8:52  Hydralisk  
  127  8:55  Roach  
  127  8:59  Roach  
  127  9:01  Zergling x2  
  120  9:03  Roach  
  120  9:06  Roach  
  120  9:09  Roach  
  115  9:12  Baneling, Roach  
  115  9:13  Roach  
  115  9:14  Roach  
  115  9:15  Roach x2  
  115  9:16  Roach  
  121  9:17  Roach  
  121  9:18  Roach  
  121  9:19  Zergling x2  
  121  9:20  Zergling x2  
  121  9:22  Overseer  
  118  9:25  Zergling x2  
  118  9:27  Zergling x2  
  118  9:29  Zergling x2  
  118  9:30  Spore Crawler, Overseer  
  115  9:32  Drone  
  115  9:33  Overseer  
  115  9:36  Zergling x2, Ravager  
  115  9:37  Roach  
  121  9:38  Ravager  
  121  9:39  Lurker  
  121  9:40  Zergling x4  
  121  9:41  Zergling x2  
  121  9:42  Roach  
  121  9:43  Lurker  
  121  9:44  Roach  
  121  9:45  Mutalisk  
  130  9:46  Mutalisk x2  
  130  9:47  Mutalisk  
  130  9:50  Baneling, Corruptor x2  
  142  9:53  Corruptor  
  142  9:56  Overlord  
  144  10:00  Corruptor  
  144  10:01  Corruptor  
  144  10:03  Spine Crawler  
  144  10:05  Drone  
  144  10:07  Hydralisk  
  148  10:09  Mutalisk  
  148  10:10  Hydralisk  
  148  10:11  Hydralisk  
  148  10:12  Hydralisk  
  148  10:13  Hydralisk  
  160  10:16  Overlord  
  160  10:17  Zergling x2  
  160  10:19  Zergling x2, Ultralisk Cavern, Hydralisk  
  160  10:21  Zergling x2  
  160  10:22  Drone  
  160  10:24  Zergling x2  
  160  10:29  Zergling x2  
  160  10:31  Zergling x2  
  160  10:32  Roach  
  162  10:36  Overlord  
  162  10:38  Corruptor  
  162  10:39  Corruptor  
  162  10:41  Zergling x2  
  161  10:43  Corruptor  
  161  10:44  Corruptor  
  161  10:46  Viper, Infestor  
  161  10:48  Baneling  
  161  10:49  Zergling x2  
  167  10:50  Zergling x2  
  167  10:51  Roach  
  167  10:52  Zergling x2, Hydralisk  
  167  10:54  Roach  
  167  10:55  Spore Crawler  
  167  10:56  Overlord  
  164  11:00  Baneling  
  164  11:01  Drone  
  164  11:02  Zergling x2  
  157  11:04  Zergling x2  
  157  11:05  Ravager  
  157  11:06  Roach, Hydralisk  
  157  11:08  Ultralisk  
  157  11:09  Ultralisk  
  157  11:10  Ravager, Lurker  
  175  11:12  Roach  
  175  11:13  Baneling  
  175  11:14  Ultralisk  
  175  11:15  Baneling, Ultralisk  
  186  11:18  Roach  
  186  11:20  Viper, Mutalisk  
  186  11:21  Mutalisk  
  186  11:23  Roach  
  186  11:24  Mutalisk  
  186  11:25  Mutalisk  
  194  11:30  Spore Crawler, Baneling, Hydralisk  
  187  11:33  Mutalisk  
  187  11:35  Drone  
  187  11:36  Zergling x2  
  187  11:37  Zergling x2  
  187  11:38  Zergling x2  
  185  11:41  Zergling x2  
  185  11:44  Zergling x2  
  185  11:45  Adrenal Glands  
  182  11:47  Zergling x2  
  182  11:48  Zergling x2, Ravager  
  182  11:49  Zerg Flyer Weapons Level 1  
  182  11:52  Zergling x2  
  182  11:53  Zergling x4  
  182  11:54  Pneumatized Carapace  
  152  11:56  Roach  
  152  11:57  Roach  
  152  11:58  Infestor  
  133  12:01  Spore Crawler  
  133  12:03  Roach  
  133  12:04  Drone  
  133  12:05  Infestor  
  133  12:06  Roach  
  133  12:08  Roach  
  135  12:09  Roach x2  
  135  12:12  Baneling  
  135  12:13  Baneling  
  135  12:14  Hydralisk  
  129  12:15  Hydralisk  
  129  12:18  Ravager, Corruptor  
  129  12:19  Corruptor  
  129  12:22  Hydralisk  
  108  12:23  Roach  
  108  12:24  Zergling x2, Baneling  
  108  12:26  Zergling x2  
  108  12:27  Zergling x2  
  109  12:30  Zergling x2  
  109  12:31  Zergling x2  
  109  12:33  Zergling x2  
  109  12:34  Zergling x2  
  109  12:35  Zergling x2, Pathogen Glands  
  109  12:36  Zergling x2  
  97  12:37  Zergling x2  
  97  12:38  Overseer  
  97  12:41  Roach  
  97  12:42  Overseer  
  97  12:43  Roach  
  93  12:47  Zergling x2  
  93  12:48  Roach  
  93  12:49  Overseer  
  86  12:52  Roach  
  86  12:53  Hydralisk  
  86  12:55  Zergling x2  
  86  12:56  Drone, Roach  
  78  12:58  Hydralisk  
  78  13:01  Zergling x2  
  78  13:02  Zergling x4  
  78  13:03  Zergling x2  
  78  13:04  Baneling  
  78  13:05  Zergling x2, Baneling  
  74  13:06  Baneling  
  74  13:07  Baneling x2  
  74  13:09  Zergling x2  
  74  13:12  Corruptor  
  73  13:15  Corruptor  
  56  13:20  Roach  
  56  13:24  Roach  
  53  13:27  Roach  
  53  13:29  Drone, Hydralisk  
  53  13:31  Drone x2  
  46  13:34  Roach  
  46  13:39  Roach  
  45  13:42  Zergling x2  
  45  13:45  Zergling x2  
  44  13:49  Drone  
  44  13:52  Roach  
  34  13:58  Zergling x4  
  34  13:59  Zergling x2  
  34  14:00  Spore Crawler  
  34  14:01  Drone  
  29  14:03  Drone  
  29  14:05  Queen  
  29  14:08  Evolution Chamber  
  22  14:10  Overseer  
  22  14:13  Drone  
  22  14:15  Spire  
  7  14:24  Roach  
  5  14:35  Overlord  
  4  14:46  Drone  
Show
View Real Time Build Order
Export as new Build Order

Player 5 Protoss 

Build Orders:  

Get SALT Encoding   

  12  0:01  Probe  
  13  0:13  Pylon, Probe  
  14  0:22  Unknown  
  14  0:23  Probe  
  15  0:31  Pylon, Probe  
  15  0:34  Gateway  
  16  0:39  Probe  
  16  0:47  Gateway  
  17  0:51  Probe  
  17  0:56  Pylon  
  18  1:00  Probe  
  19  1:10  Probe  
  19  1:18  Pylon  
  20  1:19  Forge  
  20  1:21  Zealot  
  20  1:25  Cybernetics Core  
  22  1:33  Zealot  
  24  1:53  Adept  
  26  2:01  Warp Gate  
  26  2:07  Stalker  
  28  2:21  Adept  
  30  2:37  Stalker  
  32  2:47  Stalker  
  34  3:07  Stalker  
  34  3:11  Stalker  
  38  4:39  Protoss Ground Weapons Level 1, Sentry  
  38  4:40  Unknown  
  38  4:45  Gateway  
  40  4:46  Sentry  
  40  4:49  Pylon  
  40  4:52  Photon Cannon  
  42  4:55  Photon Cannon, Zealot  
  42  4:59  Robotics Facility  
  44  5:01  Twilight Council  
  44  5:04  Forge  
  44  5:06  Probe  
  43  5:07  Stargate  
  43  5:09  Unknown, Zealot  
  46  5:14  Probe  
  46  5:16  Pylon  
  46  5:17  Sentry  
  49  5:22  Probe  
  46  5:30  Adept  
  46  5:33  Probe  
  47  5:39  Zealot  
  47  5:45  Probe  
  47  5:46  Adept  
  47  5:49  Observer  
  47  5:53  Zealot  
  47  5:55  Pylon  
  39  5:57  Probe  
  39  6:00  Zealot  
  40  6:07  Observer  
  40  6:08  Adept  
  39  6:15  Sentry  
  39  6:16  Pylon  
  39  6:23  Sentry  
  41  6:30  Sentry  
  43  6:39  Zealot  
  45  6:42  Pylon  
  45  6:46  Sentry  
  47  6:53  Adept  
  39  7:00  Sentry  
  39  7:06  Pylon  
  37  7:09  Adept  
  37  7:16  Sentry  
  37  7:17  Pylon  
  37  7:23  Pylon, Adept  
  37  7:27  Pylon  
  39  7:31  Probe  
  27  7:38  Photon Cannon  
  27  7:39  Probe  
  22  7:49  Protoss Ground Armor Level 1, Probe  
  17  8:08  Pylon  
  13  8:29  Immortal  
  13  8:38  Pylon  
  11  8:45  Pylon  
  9  8:51  Nexus  
  9  8:54  Templar Archives  
  9  8:58  Unknown  
  9  9:02  Robotics Facility  
  9  9:08  Immortal  
  13  9:10  Stargate  
  13  9:17  Pylon  
  13  9:22  Pylon  
  13  9:30  Robotics Bay  
  13  9:35  Pylon  
  13  9:36  Oracle  
  16  9:39  Sentry  
  16  9:41  Dark Shrine  
  16  9:45  Fleet Beacon, Observer  
  15  9:53  Void Ray  
  19  10:01  Zealot  
  21  10:09  Probe  
  21  10:12  Stargate  
  20  10:14  High Templar  
  20  10:18  Pylon  
  20  10:21  Probe  
  14  10:22  Stalker  
  10  10:36  Void Ray  
Show
View Real Time Build Order
Export as new Build Order

Throwfordays Terran - Winner!

Build Orders: Command Center First (CC) 

Get SALT Encoding   

  12  0:01  SCV  
  13  0:14  SCV, Supply Depot  
  14  0:26  SCV  
  15  0:32  Command Center  
  15  0:38  SCV, Unknown  
  15  0:39  Unknown  
  15  0:42  Unknown  
  16  0:44  Barracks  
  16  0:50  SCV  
  17  1:02  SCV  
  18  1:14  SCV  
  18  1:18  Supply Depot  
  19  1:26  SCV  
  20  1:37  Barracks Reactor, Barracks  
  20  1:38  SCV  
  21  1:41  Supply Depot  
  21  1:50  SCV  
  22  1:55  SCV  
  23  2:02  Refinery  
  23  2:03  Supply Depot  
  23  2:04  SCV  
  23  2:07  SCV  
  25  2:17  SCV  
  25  2:19  SCV  
  25  2:20  Reaper x2  
  29  2:26  Supply Depot  
  29  2:31  SCV  
  29  2:36  Barracks, Barracks Tech Lab  
  30  2:44  SCV, Barracks  
  31  2:52  Reaper x2  
  31  2:56  SCV  
  34  2:59  Supply Depot  
  34  3:02  SCV  
  35  3:08  SCV  
  35  3:12  Combat Shield  
  36  3:14  SCV  
  36  3:20  SCV  
  36  3:24  Reaper x2  
  36  3:27  SCV  
  40  3:32  SCV  
  41  3:37  Supply Depot  
  41  3:39  SCV  
  42  3:41  Supply Depot  
  42  3:44  SCV  
  43  3:48  Barracks Tech Lab  
  43  3:51  SCV, Barracks Tech Lab  
  44  3:56  Reaper x2  
  44  3:57  Reaper  
  44  4:02  Engineering Bay  
  47  4:13  SCV  
  48  4:17  Reaper x2  
  48  4:24  Supply Depot  
  50  4:25  SCV  
  50  4:28  Reaper x2  
  50  4:29  Reaper  
  54  4:31  Stimpack  
  54  4:32  Concussive Shells  
  54  4:37  SCV, Barracks  
  55  4:38  Engineering Bay  
  55  4:39  Terran Infantry Weapons Level 1  
  55  4:45  Factory  
  55  4:49  Reaper x2  
  55  4:51  Orbital Command  
  57  4:53  Orbital Command  
  57  5:00  Reaper x2  
  57  5:01  Reaper  
  60  5:18  Terran Infantry Armor Level 1  
  60  5:19  Supply Depot x2  
  60  5:21  Reaper x2  
  62  5:32  Reaper x2  
  62  5:33  Reaper  
  61  5:53  Reaper x2  
  62  6:04  Reaper  
  62  6:05  Reaper x2  
  63  6:19  Barracks Reactor  
  56  6:25  Reaper  
  56  6:26  Reaper  
  58  6:36  Reaper  
  58  6:37  Reaper x2  
  61  6:58  Reaper x2  
  63  7:09  Reaper x3  
  65  7:30  Reaper x2  
  67  7:41  Reaper  
  70  7:58  Armory  
  70  8:00  Starport  
  70  8:01  Reaper x2  
  70  8:02  Reaper x3  
  74  8:14  Reaper  
  60  8:33  Reaper x2  
  58  8:34  Reaper x2  
  58  8:40  Widow Mine  
  58  8:43  Factory  
  58  8:46  Starport Tech Lab  
  58  8:48  Fusion Core  
  58  8:49  Terran Infantry Weapons Level 2  
  58  8:50  Terran Infantry Armor Level 2  
  57  9:02  Widow Mine  
  58  9:05  Reaper  
  58  9:06  Reaper x3  
  60  9:20  Terran Vehicle Weapons Level 1  
  60  9:23  Widow Mine, Armory  
  60  9:30  Starport  
  60  9:33  Barracks Reactor  
  60  9:38  Reaper x3  
  61  9:39  Reaper  
  61  9:40  Factory Tech Lab  
  61  9:44  Widow Mine  
  66  10:09  Marine x2  
  66  10:10  Marine x2  
  66  10:13  Drilling Claws  
  66  10:23  Marine, Factory Reactor  
  66  10:24  Marine  
  66  10:27  Marine x2  
  66  10:28  Marine x2  
  72  10:39  Weapon Refit, Terran Ship Weapons Level 1  
  72  10:41  Marine x2  
  74  10:45  Marine x2  
  74  10:46  Marine x2, Starport x2  
  74  10:48  Starport, Starport Tech Lab  
  78  10:59  Marine x2  
  78  11:03  Marine x2  
  78  11:04  Marine x2  
  82  11:07  Widow Mine x2  
  88  11:14  Supply Depot  
  88  11:17  Marine x2  
  90  11:27  Supply Depot, Starport  
  90  11:28  Supply Depot, Widow Mine x2  
  90  11:31  Starport Tech Lab  
  94  11:35  Starport Tech Lab  
  94  11:36  Starport Tech Lab  
  94  11:50  Widow Mine x2  
  93  12:11  Widow Mine x2  
  96  12:26  Starport Tech Lab  
  96  12:28  Corvid Reactor, Rapid Reignition System  
  96  12:29  Cloaking Field  
  96  12:30  Advanced Ballistics  
  96  12:34  Battlecruiser x3  
  96  12:36  Battlecruiser x2  
  126  12:45  Battlecruiser  
  126  12:49  Terran Ship Weapons Level 2  
  126  12:51  Terran Vehicle And Ship Armor Level 1  
  132  13:25  Terran Infantry Armor Level 3, Terran Infantry Weapons Level 3  
  132  13:26  Hyperflight Rotors  
  132  13:31  Supply Depot  
  132  13:33  Supply Depot  
  132  13:38  Marine x4, Supply Depot, Battlecruiser x3  
  154  13:42  Marine x2  
  156  13:52  Battlecruiser  
  156  13:54  Supply Depot, Battlecruiser x2  
  174  13:59  Marine x6  
  179  14:17  Marine x6  
  180  14:34  Marine x4  
  180  14:35  Marine x2  
  181  14:42  Battlecruiser  
  185  14:49  Supply Depot  
  185  14:50  Battlecruiser  
  189  14:53  Battlecruiser  
  189  14:57  Battlecruiser  
Show
View Real Time Build Order
Export as new Build Order

Farkwad Zerg - Winner!

Build Orders: 1 Base Baneling Bust, Pool First 

Get SALT Encoding   

  13  0:07  Drone x2  
  14  0:18  Overlord  
  14  0:32  Unknown  
  13  0:41  Unknown  
  12  0:54  Drone x3  
  15  1:09  Drone  
  16  1:22  Spawning Pool  
  15  1:26  Overlord  
  15  1:38  Drone  
  16  1:46  Drone  
  17  1:57  Drone  
  18  2:05  Unknown  
  17  2:10  Drone  
  17  2:11  Drone  
  17  2:12  Queen  
  21  2:21  Spine Crawler  
  20  2:28  Spine Crawler  
  19  2:30  Overlord  
  19  2:38  Drone  
  20  2:45  Spine Crawler  
  20  2:48  Queen  
  21  2:53  Spine Crawler  
  20  3:04  Evolution Chamber  
  19  3:13  Baneling Nest  
  18  3:26  Drone x3  
  21  3:43  Spine Crawler  
  21  3:45  Drone  
  21  3:54  Lair  
  21  4:06  Spine Crawler  
  20  4:20  Spine Crawler  
  19  4:25  Spine Crawler  
  19  4:29  Drone x3  
  19  4:30  Drone x2  
  23  4:47  Spore Crawler  
  22  4:54  Spore Crawler  
  21  5:51  Centrifical Hooks  
  21  5:55  Zergling x10  
  27  5:57  Zergling x2  
  27  6:00  Queen  
  29  6:19  Spore Crawler  
  28  6:27  Spore Crawler  
  27  6:36  Queen  
  19  6:58  Zergling x6  
  22  7:11  Queen  
  24  7:16  Zerg Melee Weapons Level 1  
  24  7:21  Baneling x2  
  24  7:22  Baneling x4  
  24  7:26  Zergling x4  
  24  7:27  Zergling x6  
  29  7:38  Drone  
  30  7:47  Queen  
  32  7:58  Spine Crawler  
  31  8:07  Spine Crawler  
  30  8:19  Overlord  
  30  8:20  Overlord  
  30  8:22  Drone x2  
  30  8:23  Zergling x2  
  33  8:27  Baneling x3  
  33  8:28  Baneling x5  
  33  8:29  Baneling x2  
  33  8:46  Overseer  
  33  8:56  Hydralisk Den  
  32  9:11  Zergling x6, Zerg Ground Armor Level 1  
  35  9:48  Drone  
  35  9:49  Drone x5  
  41  10:17  Spine Crawler  
  41  10:19  Spine Crawler  
  41  10:21  Spine Crawler x2  
  38  10:22  Spine Crawler  
  38  10:23  Spine Crawler  
  35  10:32  Hydralisk x2  
  35  10:33  Hydralisk x3  
  45  10:59  Grooved Spines  
  45  11:05  Zerg Missile Weapons Level 1  
  45  11:24  Spire  
  44  11:28  Drone x4  
  44  11:29  Drone  
  49  11:51  Spore Crawler  
  46  11:54  Spore Crawler  
  46  11:56  Spore Crawler  
  39  12:39  Spine Crawler  
  38  12:59  Zerg Melee Weapons Level 2  
  34  13:33  Corruptor x5  
  43  13:46  Infestation Pit  
  39  14:09  Spine Crawler  
  38  14:18  Drone x2  
  38  14:19  Drone x3  
  43  14:56  Spine Crawler  
  42  15:01  Spore Crawler  
  42  15:04  Overseer  
  41  15:14  Hive  
  41  15:19  Drone  
  41  15:20  Drone x3, Corruptor  
  41  15:21  Corruptor  
  49  15:57  Hatchery  
  49  16:01  Spore Crawler  
  47  16:12  Spore Crawler  
  47  16:16  Spore Crawler  
  45  16:28  Spore Crawler  
Show
View Real Time Build Order
Export as new Build Order

Raynar Protoss - Winner!

Build Orders: Archon Immortal 

Get SALT Encoding   

  12  0:01  Probe  
  13  0:14  Probe (Chrono Boost)  
  14  0:18  Pylon  
  14  0:26  Probe (Chrono Boost)  
  15  0:34  Probe (Chrono Boost)  
  16  0:51  Probe  
  16  0:53  Unknown  
  17  0:59  Unknown  
  17  1:05  Unknown  
  17  1:09  Pylon, Gateway  
  17  1:12  Forge  
  17  1:14  Pylon  
  17  1:19  Pylon, Gateway  
  17  1:22  Probe (Chrono Boost)  
  18  1:32  Probe (Chrono Boost)  
  19  1:37  Probe (Chrono Boost)  
  20  1:43  Pylon  
  20  1:46  Pylon  
  20  1:48  Probe  
  20  1:53  Pylon  
  21  2:00  Probe  
  22  2:01  Protoss Ground Weapons Level 1 (Chrono Boost)  
  22  2:12  Cybernetics Core  
  22  2:16  Pylon  
  22  2:18  Gateway  
  22  2:19  Probe  
  22  2:31  Probe  
  23  2:43  Zealot x2  
  23  2:44  Probe  
  28  2:45  Warp Gate (Chrono Boost)  
  28  2:56  Probe  
  29  3:08  Probe  
  29  3:20  Probe  
  30  3:32  Probe  
  31  3:44  Probe  
  32  3:49  Stalker  
  32  3:50  Stalker x2  
  38  3:57  Probe  
  38  4:05  Pylon  
  38  4:09  Probe  
  39  4:10  Twilight Council  
  39  4:14  Robotics Facility  
  39  4:16  Robotics Facility  
  39  4:17  Pylon  
  39  4:20  Pylon  
  39  4:23  Pylon  
  39  4:26  Pylon  
  39  4:28  Pylon  
  39  4:33  Pylon  
  39  4:41  Stalker x3  
  44  5:02  Pylon  
  44  5:12  Probe  
  45  5:19  Forge, Immortal x2  
  53  5:27  Nexus  
  53  5:30  Nexus  
  53  5:32  Nexus  
  53  5:36  Pylon  
  53  5:40  Pylon  
  53  5:43  Pylon  
  53  5:45  Gateway  
  53  5:46  Pylon  
  53  5:54  Pylon  
  53  5:58  Immortal x2  
  53  5:59  Pylon  
  61  6:04  Pylon  
  61  6:05  Gateway  
  61  6:07  Gateway, Stalker x3  
  61  6:09  Gateway  
  61  6:10  Pylon  
  67  6:11  Gateway  
  67  6:13  Gateway  
  67  6:14  Pylon  
  63  6:48  Protoss Ground Weapons Level 2 (Chrono Boost), Immortal x2 (Chrono Boost)  
  63  6:52  Charge (Chrono Boost)  
  69  7:02  Gateway  
  69  7:04  Gateway  
  69  7:06  Gateway  
  69  7:07  Gateway  
  63  7:16  Robotics Facility, Immortal  
  63  7:18  Robotics Bay  
  63  7:19  Protoss Ground Armor Level 1 (Chrono Boost)  
  63  7:20  Robotics Bay, Immortal  
  71  7:24  Forge  
  71  7:26  Templar Archives  
  71  7:28  Sentry x3  
  71  7:29  Dark Shrine  
  67  7:30  Stalker x6  
  63  7:57  Protoss Shields Level 1 (Chrono Boost)  
  63  8:07  Extended Thermal Lance  
  63  8:08  Psionic Storm  
  63  8:09  Colossus x2 (Chrono Boost)  
  65  8:17  Warp Prism (Chrono Boost)  
  77  8:25  Blink  
  77  8:30  Stalker x3  
  77  8:31  Stalker x4  
  77  8:32  Stalker x4  
  77  8:33  Stalker x2  
  93  8:45  Colossus  
  89  8:50  Photon Cannon  
  89  8:52  Photon Cannon  
  89  8:55  Photon Cannon  
  89  8:56  Colossus x2  
  89  9:00  Photon Cannon  
  89  9:01  Stalker x3  
  89  9:02  Stalker x6  
  105  9:03  Photon Cannon, Stalker x4  
  105  9:08  Photon Cannon  
  105  9:15  Gravitic Drive  
  103  9:18  Photon Cannon, Shadow Stride, Protoss Ground Armor Level 2 (Chrono Boost)  
  103  9:21  Photon Cannon, Protoss Ground Weapons Level 3 (Chrono Boost)  
  101  9:24  Pylon  
  101  9:38  High Templar x2  
  101  9:39  High Templar x2  
  101  9:40  High Templar x2, Immortal  
  101  9:41  Zealot x4  
  101  9:42  Zealot x3  
  101  9:45  Archon x3  
  129  9:50  Immortal x2  
  135  10:13  Gravitic Boosters  
  133  10:15  Gateway x2  
  133  10:17  Protoss Shields Level 2 (Chrono Boost)  
  133  10:23  Gateway, Immortal  
  131  10:29  Colossus, Immortal  
  131  10:35  High Templar x4  
  139  10:36  Gateway, High Templar x4  
  139  10:37  High Templar x2  
  139  10:39  Gateway, Stalker x2  
  139  10:40  Stalker  
  139  10:41  Archon  
  139  10:42  Archon x4  
  141  11:01  Colossus  
  145  11:08  Colossus  
  149  11:23  Observer  
  144  11:36  High Templar  
  144  11:37  High Templar x2  
  144  11:38  High Templar x4  
  156  11:40  High Templar x3  
  156  11:42  Sentry x3  
  156  11:44  Observer, Zealot x4  
  173  11:47  Archon x2  
  165  11:56  Observer  
  154  12:02  Immortal  
  154  12:05  Colossus  
  160  12:16  Colossus  
  160  12:40  Colossus  
  157  13:50  Archon  
  157  13:51  Archon x2  
  157  13:56  Warp Prism x2 (Chrono Boost)  
  157  13:57  Warp Prism (Chrono Boost)  
  153  14:28  Dark Templar x4  
  153  14:29  Dark Templar x5, Immortal x3 (Chrono Boost)  
  153  14:30  Dark Templar x4  
  153  14:31  Dark Templar x5  
  187  15:01  Colossus, Warp Prism  
  187  15:02  Immortal  
Show
View Real Time Build Order
Export as new Build Order

TNF Protoss - Winner!

Build Orders:  

Get SALT Encoding   

  12  0:16  Probe  
  13  0:28  Probe  
  14  0:30  Unknown  
  14  0:37  Pylon  
  14  0:40  Unknown, Probe  
  15  0:45  Unknown  
  15  0:53  Pylon  
  15  0:55  Probe  
  16  1:05  Pylon  
  16  1:07  Probe  
  17  1:12  Forge  
  17  1:20  Gateway  
  17  1:26  Probe  
  18  1:38  Probe  
  19  1:50  Probe  
  20  2:02  Probe  
  21  2:13  Pylon  
  21  2:14  Probe  
  22  2:17  Zealot  
  24  2:30  Cybernetics Core  
  24  2:39  Photon Cannon  
  24  2:44  Photon Cannon, Zealot  
  24  2:50  Photon Cannon  
  26  3:01  Photon Cannon  
  26  3:06  Photon Cannon  
  26  3:11  Zealot  
  26  3:12  Photon Cannon  
  28  3:16  Photon Cannon  
  28  3:31  Stargate  
  28  3:34  Stargate  
  28  3:38  Zealot  
  28  3:40  Robotics Facility  
  30  3:47  Twilight Council  
  30  3:49  Protoss Ground Weapons Level 1  
  30  4:05  Zealot  
  30  4:07  Pylon  
  30  4:08  Protoss Air Weapons Level 1  
  32  4:10  Pylon  
  32  4:14  Pylon  
  32  4:18  Pylon  
  32  4:27  Charge  
  32  4:32  Stalker  
  34  4:41  Void Ray  
  34  4:45  Void Ray  
  42  4:52  Immortal  
  46  5:02  Stalker  
  46  5:04  Robotics Bay  
  48  5:10  Templar Archives  
  42  5:17  Fleet Beacon  
  40  5:25  Void Ray  
  40  5:28  Void Ray  
  40  5:33  Sentry  
  36  5:59  Zealot  
Tags
 
Add a new tag
Caveats
  • Supply blocks, unpowered buildings, or Contaminate may cause inaccurate times.
  • Supply counts are checked every 10 seconds.